 Dungeon Crawl Stone Soup version 0.23.0-3-gf3c87f2df8 (webtiles) character file.

Game seed: 14948039121129312797

80 Sondor the Slasher (level 4, -4/36 HPs)
             Began as a Demonspawn Chaos Knight on Feb 24, 2019.
             Was a Plaything of Xom.
             Slain by Terence
             ... wielding a +0 flail
              (8 damage)
             ... on level 2 of the Dungeon.
             The game lasted 00:01:32 (1238 turns).

Sondor the Slasher (Demonspawn Chaos Knight)        Turns: 1238, Time: 00:01:32

Health: -4/36      AC:  5    Str: 14      XL:     4   Next: 18%
Magic:  4/4        EV: 11    Int: 13      God:    Xom [......]
Gold:   80         SH:  0    Dex: 10 (12) Spells: 3/3 levels left

rFire    . . .     SeeInvis .   a - +0 falchion (chaos)
rCold    . . .     Gourm    .   (no shield)
rNeg     . . .     Faith    .   b - +2 leather armour
rPois    .         Spirit   .   (no helmet)
rElec    .         Reflect  .   (no cloak)
rCorr    .         Harm     .   (no gloves)
MR       .....                  (no boots)
Stlth    +.........             (no amulet)
HPRegen  0.12/turn              (no ring)
MPRegen  0.09/turn              (no ring)

@: drained
A: claws 2, demonic guardian 1
a: Renounce Religion


You were on level 2 of the Dungeon.
You worshipped Xom.
You were a very special plaything of Xom.
You were not hungry.

You visited 1 branch of the dungeon, and saw 2 of its levels.

You collected 80 gold pieces.

Inventory:

Hand Weapons
 a - a +0 falchion of chaos (weapon)
Armour
 b - a +2 leather armour (worn)
Jewellery
 n - a +1 ring of protection {unknown}
Scrolls
 d - 2 scrolls of identify {unknown}
 e - a scroll of enchant armour {unknown}
 f - 2 scrolls of fear {unknown}
 h - 2 scrolls of teleportation {unknown}
 i - 2 scrolls of amnesia {unknown}
 k - a scroll of remove curse {unknown}
 m - a scroll of noise {unknown}
Potions
 g - a potion of agility
 j - a potion of cancellation {unknown}
 l - 2 potions of lignification {unknown}
 o - a potion of curing {unknown}
Comestibles
 c - 4 rations


   Skills:
 + Level 3.6(2.5) Fighting
 + Level 3.8(2.7) Long Blades
 + Level 2.0(0.9) Armour
 + Level 1.4(0.3) Dodging
 + Level 0.5(0.0) Stealth


You had 3 spell levels left.
You didn't know any spells.
Your spell library was empty.

Dungeon Overview and Level Annotations

Branches:
Dungeon (2/15)

Altars:
Hepliaklqana
Kikubaaqudgha
Okawaru
Uskayaw
Wu Jian

Annotations:
D:2 Terence


Innate Abilities, Weirdness & Mutations

You have very sharp fingernails.
A weak demonic guardian rushes to your aid.


Message History

The bat closely misses your ufetubus. Terence hits you but does no damage.
Your ufetubus closely misses Terence. x2
You hit Terence but do no damage.
Terence flickers and vanishes!
Deactivating autopickup; reactivate with Ctrl-A.
The bat closely misses your ufetubus.
The bat hits your ufetubus but does no damage.
Your ufetubus closely misses the bat.
Your ufetubus barely misses the bat.
The bat misses your ufetubus. Something hits you.
You hit something but do no damage. The bat hits your ufetubus. x2
Your ufetubus hits the bat.
The bat dies!
Something hits you!
* * * LOW HITPOINT WARNING * * *
You are too injured to fight recklessly!
You are too injured to fight recklessly!
There is a strange disturbance nearby!
You hit something but do no damage. Something hits you.
* * * LOW HITPOINT WARNING * * *
You miss something. Something hits you!
You die...

## #. #. #
########. .##
......5.## ##.#
#.†{@.###..#
#.####.#.#.######
##(##......# #.#
##.#######.# #.#
##...## #.#
#.###.....## #.#
#.#........# #.#
#.#.#.....## #.#
#.#.##...##
#.#####


You could see a friendly ufetubus.

Vanquished Creatures
  Jessica (D:2)
  An adder (D:2)
  An ooze (D:2)
  A dart slug (D:2)
  A leopard gecko (D:1)
  2 ball pythons
  5 bats
  3 giant cockroaches (D:1)
  4 goblins
  7 hobgoblins
  4 frilled lizards
  4 kobolds
34 creatures vanquished.

Vanquished Creatures (collateral kills)
  A bat (D:2)
1 creature vanquished.

Grand Total: 35 creatures vanquished

Notes
Turn   | Place    | Note
-------+----------+-------------------------------------------
     0 | D:1      | Sondor the Demonspawn Chaos Knight began the quest for the
                  | Orb.
     0 | D:1      | Reached XP level 1. HP: 18/18 MP: 1/1
   117 | D:1      | XOM: harmless Necr miscast
   161 | D:1      | Reached skill level 1 in Dodging
   209 | D:1      | Gained mutation: You have sharp fingernails. [demonic
                  | ancestry]
   209 | D:1      | Reached XP level 2. HP: 22/24 MP: 2/2
   453 | D:1      | XOM: divination: magic mapping
   541 | D:2      | Noticed Jessica
   550 | D:2      | Killed Jessica
   550 | D:2      | Gained mutation: You have very sharp fingernails. [demonic
                  | ancestry]
   550 | D:2      | Reached XP level 3. HP: 23/29 MP: 3/3
   566 | D:2      | Found an ancient bone altar of Kikubaaqudgha.
   566 | D:2      | Found a hazy altar of Hepliaklqana.
   566 | D:2      | Found a hide-covered altar of Uskayaw.
   570 | D:2      | Found an ornate altar of the Wu Jian Council.
   572 | D:2      | Found an iron altar of Okawaru.
   795 | D:2      | Gained mutation: A weak demonic guardian rushes to your
                  | aid. [demonic ancestry]
   795 | D:2      | Reached XP level 4. HP: 5/35 MP: 4/4
   827 | D:2      | XOM: summons 1 hostile demon
   871 | D:2      | XOM: torment (4/36 hp)
   890 | D:2      | XOM: draining
  1222 | D:2      | XOM: medium Tmut miscast
  1230 | D:2      | Noticed Terence
  1238 | D:2      | Slain by Terence

Skill      XL: |  1  2  3  4 |
---------------+-------------+-----
Long Blades    | 3 |  3.8
Dodging        | 1 |  1.4
Armour         | 2 |  2.0
Fighting       | |  3.6
Stealth        | |  0.5

Action                   |  1- 3 |  4- 6 || total
-------------------------+-------+-------++-------
Melee: Falchion          |   109 |    17 ||   126
  Eat: Ration            |       |     1 ||     1
Armor: Leather armour    |    54 |     8 ||    62
Dodge: Dodged            |    85 |     7 ||    92
       Rpst.: Falchion   |    16 |     1 ||    17
